 Dungeon Crawl Stone Soup version 0.18.1-47-g9310371 (webtiles) character file.

62 sarahorange the Conjurer (level 3, 0/24 HPs)
             Began as a Demonspawn Conjurer on June 23, 2016.
             Succumbed to Ijyb's poison
             ... on level 2 of the Dungeon.
             The game lasted 00:09:42 (1765 turns).

sarahorange the Conjurer (Demonspawn Conjurer)      Turns: 1765, Time: 00:09:43

Health: 0/24       AC:  7    Str:  8    XL:     3   Next: 85%
Magic:  1/6        EV:  7    Int: 17    God:
Gold:   61         SH:  0    Dex: 12    Spells: 2 memorised, 3 levels left

rFire  . . .     SeeInvis .     d - +0 dagger
rCold  . . .     Gourm    .     l - +0 robe
rNeg   . . .     Faith    .     (no shield)
rPois  .         Spirit   .     (no helmet)
rElec  .         Dismiss  .     g - +0 cloak
rCorr  .         Reflect  .     (no gloves)
SustAt .         Harm     .     (no boots)
MR     .....                    (no amulet)
Stlth  ++........               (no ring)
                                (no ring)

@: lethally poisoned (0 -> -49), not resistant to hostile enchantments,
unstealthy
A: rough black scales 1
a: no special abilities


You were on level 2 of the Dungeon.
You were not hungry.

You visited 1 branch of the dungeon, and saw 2 of its levels.

You collected 61 gold pieces.

Inventory:

Hand Weapons
 d - a +0 dagger (weapon)
Missiles
 e - 31 stones (quivered)
Armour
 a - a +0 robe
 g - a +0 cloak (worn)
 l - a +0 robe (worn)
Scrolls
 f - 3 scrolls of identify {unknown}
 j - a scroll of magic mapping {unknown}
Potions
 h - a potion of flight {unknown}
 i - a potion of invisibility {unknown}
 m - 2 potions of curing {unknown}
Books
 b - a book of Conjurations

   Spells                             Type                      Level
   a - Magic Dart                     Conjuration                  1
   b - Searing Ray                    Conjuration                  2
   c - Dazzling Spray                 Conjuration/Hexes            3
   d - Fulminant Prism                Conjuration/Hexes            4
   e - Iskenderun's Mystic Blast      Conjuration                  4
   f - Iskenderun's Battlesphere      Conjuration/Charms           5
Comestibles
 c - 2 bread rations
 k - 4 chunks of flesh


   Skills:
 + Level 2.4 Dodging
 + Level 2.1 Stealth
 + Level 2.3 Spellcasting
 * Level 4.8 Conjurations


You had 3 spell levels left.
You knew the following spells:

 Your Spells              Type           Power        Failure   Level  Hunger
a - Magic Dart            Conj           ###.         2%          1    #......
b - Searing Ray           Conj           ###...       4%          2    ##.....


Dungeon Overview and Level Annotations

Branches:
Dungeon (2/15)

Altars:
Ashenzari

Annotations:
D:2 Ijyb


Innate Abilities, Weirdness & Mutations

You are partially covered in rough black scales (AC +4, Dex -1).


Message History

You are more poisoned.
You closely miss Ijyb.
Ijyb is heavily wounded.
You feel sick. Ijyb hits you but does no damage.
You are more poisoned.
You hit Ijyb.
Ijyb is severely wounded.
You feel very sick. Ijyb hits you but does no damage.
You are more poisoned.
You hit Ijyb.
Ijyb is severely wounded.
You feel very sick. Ijyb hits you with a dagger of venom.
* * * LOW HITPOINT WARNING * * *
You are more poisoned.
* * * LOW HITPOINT WARNING * * *
You feel very sick.
There is a stone staircase leading down here.
You die...

## #.. #.# ### #.# ## ##.###.#
.## ##.#.##.# ####
..#################.###.#.####...
#.......<.......@..## ##.......##
..####.#######.#g.## ##......#
.## #.#######.....## ##..####.#
^# #..........รท...###....# #.#
.#####.########......#..#..###.#.
....##.# ##......#.#........
.##.##.# ##.....#.#..###...
.##.##.# ####..)....#####.
.......# #......(....# .


You could see Ijyb.

Vanquished Creatures
  2 adders (D:2)
  An ooze (D:1)
  3 dart slugs (D:1)
  A giant gecko (D:1)
  A giant cockroach (D:1)
  4 goblins (D:1)
  2 hobgoblins
  3 jackals
  A ball python (D:1)
  5 bats
  A giant newt (D:1)
  6 kobolds (D:1)
  2 rats (D:1)
32 creatures vanquished.

Notes
Turn   | Place    | Note
--------------------------------------------------------------
     0 | D:1      | sarahorange the Demonspawn Conjurer began the quest for the Orb.
     0 | D:1      | Reached XP level 1. HP: 13/13 MP: 3/3
   447 | D:1      | Gained mutation: You are partially covered in rough black scales (AC +4, Dex -1). [demonic ancestry]
   447 | D:1      | Reached XP level 2. HP: 19/19 MP: 0/5
   663 | D:1      | Learned a level 2 spell: Searing Ray
   875 | D:1      | Found a shattered altar of Ashenzari.
  1071 | D:1      | Reached XP level 3. HP: 23/24 MP: 0/6
  1388 | D:2      | Found a faded altar to an unknown god.
  1715 | D:2      | Noticed Ijyb
  1765 | D:2      | Succumbed to Ijyb's poison

Skill      XL: |  1  2 |
---------------+-------+-----
Dodging        | 2 |  2.4
Stealth        | 2 |  2.1
Spellcasting   | |  2.3
Conjurations   | |  4.8

Action                   || total
-------------------------++-------
Melee: Dagger            ||    49
Throw: Stone             ||     2
 Cast: Magic Dart        ||    61
       Searing Ray       ||     8
  Eat: Chunk             ||     4
Armor: Robe              ||    19
Dodge: Dodged            ||    36
